 Dungeon Crawl Stone Soup version 0.22-a0-369-gc73351f (webtiles) character file.

7 Amnesiac the Magician (level 1, 0/14 HPs)
             Began as a Mummy Wizard on Apr 24, 2018.
             Slain by a hound (5 damage)
             ... on level 2 of the Dungeon.
             The game lasted 00:01:41 (365 turns).

Amnesiac the Magician (Mummy Wizard)                 Turns: 365, Time: 00:01:41

Health: 0/14       AC:  2    Str: 10    XL:     1   Next: 91%
Magic:  5/5        EV: 12    Int: 17    God:
Gold:   0          SH:  0    Dex: 10    Spells: 7/8 levels left

rFire    x . .     SeeInvis .   b - +1 dagger (drain)
rCold    + . .     Gourm    .   (no shield)
rNeg     + + +     Faith    .   d - +0 robe (curse)
rPois    ∞         Spirit   .   (no helmet)
rElec    .         Reflect  .   (no cloak)
rCorr    .         Harm     .   (no gloves)
MR       .....                  (no boots)
Stlth    ++........             (no amulet)
HPRegen  0.04/turn              (no ring)
MPRegen  0.09/turn              (no ring)

@: no status effects
A: no food or potions, fire vulnerability, cold resistance 1, negative energy
resistance 3, torment resistance, unbreathing
a: no special abilities


You were on level 2 of the Dungeon.
You were not hungry.

You visited 1 branch of the dungeon, and saw 2 of its levels.

Inventory:

Hand Weapons
 b - a +1 dagger of draining (weapon)
Missiles
 c - 98 stones (quivered)
Armour
 d - a cursed +0 robe (worn)
Scrolls
 a - a scroll of fear {!r, unknown}
 e - a scroll of teleportation {!r, unknown}
 f - a scroll of remove curse {!r, unknown}


   Skills:
 + Level 0.6 Fighting
 * Level 2.0 Dodging
 - Level 1.5 Stealth
 - Level 4.0 Spellcasting
 - Level 0.7 Conjurations
   Level 0.7 Summonings
   Level 0.7 Translocations


You had 7 spell levels left.
You knew the following spells:

 Your Spells              Type           Power        Failure   Level  Hunger
a - Magic Dart            Conj           #...         12%         1    N/A

Dungeon Overview and Level Annotations

Branches:
Dungeon (2/15)

Altars:


Innate Abilities, Weirdness & Mutations

You do not eat or drink.
Your flesh is vulnerable to fire.
You are immune to poison.
Your flesh is cold resistant. (rC+)
You are immune to negative energy. (rN+++)
You are immune to unholy pain and torment.
You can survive without breathing.


Message History

The worm is severely wounded.
The worm barely misses you.
You barely miss the worm.
The worm is severely wounded.
The worm bites you.
You hit the worm.
The worm is severely wounded.
You hit the worm. You drain the worm!
The worm is almost dead.
The worm barely misses you.
You hit the worm.
The worm is almost dead.
You barely miss the worm.
The worm is almost dead.
The worm closely misses you.
You hit the worm but do no damage. You drain the worm!
The worm is almost dead.
The worm barely misses you.
You hit the worm.
You kill the worm!
Your Dodging skill increases to level 2!
No target in view!
You see here a bat corpse.
c - 88 stones (gained 10)
You start resting.
HP restored.
You see here a bat corpse.
Found a stone staircase leading up.
f - a scroll labeled NOIMANWISARPH {!r}
Found a smoky red potion.
There is a stone staircase leading up here.
You climb upwards.
Found a ration.
There is a stone staircase leading down here.
You climb downwards.
There is a stone staircase leading up here.
c - 98 stones (gained 10)
A hound comes into view.
A hound is nearby!
A hound is nearby!
Found 8 gold pieces.
The helpless hound fails to defend itself.
You hit the hound.
The hound is moderately wounded.
The hound bites you.
You closely miss the hound.
The hound is moderately wounded.
The hound barely misses you. The hound bites you.
You barely miss the hound.
The hound is moderately wounded.
The hound closely misses you.
You hit the hound but do no damage.
The hound is moderately wounded.
The hound misses you. The hound closely misses you.
You barely miss the hound.
The hound is moderately wounded.
The hound bites you.
* * * LOW HITPOINT WARNING * * *
You hit the hound.
The hound is moderately wounded.
The hound bites you.
* * * LOW HITPOINT WARNING * * *
The hound bites you.
You die...

# # # ## # . .. $ ##.##
##. ###.# ..... #...
#h#.# .....
#..##@.####.. .....
#.........#.##.# ##.##
#.##.##......... ....
#.##.##.##..##.# ####
#.....#.##..##.# #
####.##.##..##.# #
#.##.##..##.# #
#####.##.##..##!# #
#............##<#######


You could see a hound.

Vanquished Creatures
  A worm (D:2)
  2 bats (D:2)
  A kobold (D:1)
  A rat (D:1)
5 creatures vanquished.

Notes
Turn   | Place    | Note
-------+----------+-------------------------------------------
     0 | D:1      | Amnesiac the Mummy Wizard began the quest for the Orb.
     0 | D:1      | Reached XP level 1. HP: 13/13 MP: 5/5
   353 | D:2      | Noticed a hound
   365 | D:2      | Slain by a hound

Vault maps used:
D:1:      nagdon_arrival_zigzag_paths, minivault_5
D:2:      nicolae_ru_awakened_eye, ashenzari_conservatory_becter,
          chequers_ecumenical_altar_simple_redux, minmay_octomino_j4

Skill      XL: |  1 |
---------------+----+-----
Dodging        | 2 |  2.0
Fighting       | |  0.6
Stealth        | |  1.5
Spellcasting   | |  4.0
Conjurations   | |  0.7
Summonings     | |  0.7
Translocations | |  0.7

Action                   || total
-------------------------++-------
Melee: Dagger            ||    16
 Cast: Magic Dart        ||     6
 Stab: Sleeping          ||     2
Armor: Robe              ||     1
Dodge: Dodged            ||     9

Table legend:
 A = Spawn XP
 B = Non-spawn XP
 C = Spawn XP percentage of total XP
 D = Spawn monster count
 E = Non-spawn monster count
 F = Spawn count percentage of total count
 G = Total turns spent on level
                    A         B        C        D         E        F      G
               +---------+---------+-------+---------+---------+-------+---------
         Total |       0 |      11 |   0.0 |       0 |       5 |   0.0 |   365
               +---------+---------+-------+---------+---------+-------+---------
           D:1 |       0 |       2 |   0.0 |       0 |       2 |   0.0 |   228
           D:2 |       0 |       9 |   0.0 |       0 |       3 |   0.0 |   137
               +---------+---------+-------+---------+---------+-------+---------
